[ AOE2 MATCH · #506046970 ]
UnrankedBulgarians vs Mongols
Player's team · LOSS
Rival team · WIN
[ REPLAY ANALYSIS · EXTRACTED FROM THE RECORDED GAME ]
Feudal
10:06
Castle
25:33
Imperial
—
| APM avg | 59.5 |
| APM peak | 120 |
| eAPM avg | 26.0 |
| Villagers / military | 64 / 15 |
Focus
⚔️ 44.9% · 🌾 55.1%
Archer ×8 · Militia ×4 · Spearman ×3
Feudal
11:31
Castle
18:03
Imperial
—
| APM avg | 38.5 |
| APM peak | 79 |
| eAPM avg | 16.0 |
| Villagers / military | 41 / 32 |
Focus
⚔️ 30.9% · 🌾 69.1%
Steppe Lancer ×32
Match map
Initial resources + every placement click. Lines = walls · curves = elevation contours. ◆ gold · ⬟ stone · ● berries · ✦ relic · ◌ wall gap
Your base· ✓ Closed at 25:33 · 93t walls · 2 gate(s)
Redwood MC9's base· Open — 3t gap
Smoothed initial terrain · ◌ = detected wall gap · hover for details
Inputs per minute
— thankyou9527 - - Redwood MC9
Build order — thankyou9527
First 150 of 179 actions detected
| 0:00 | Queue | Villager (Male) |
| 0:01 | Queue | Villager (Male) |
| 0:01 | Queue | Villager (Male) |
| 0:02 | Queue | Villager (Male) |
| 0:02 | Build | House |
| 0:04 | Build | House |
| 1:35 | Queue | Villager (Male) |
| 1:35 | Queue | Villager (Male) |
| 2:08 | Queue | Villager (Male) |
| 2:08 | Queue | Villager (Male) |
| 2:08 | Queue | Villager (Male) |
| 2:26 | Queue | Villager (Male) |
| 2:26 | Queue | Villager (Male) |
| 2:53 | Queue | Villager (Male) |
| 3:01 | Build | Lumber Camp |
| 3:11 | Build | House |
| 3:19 | Queue | Villager (Male) |
| 3:19 | Queue | Villager (Male) |
| 3:19 | Queue | Villager (Male) |
| 4:04 | Build | Palisade Gate |
| 4:16 | Queue | Villager (Male) |
| 4:16 | Queue | Villager (Male) |
| 4:17 | Queue | Villager (Male) |
| 4:17 | Queue | Villager (Male) |
| 4:47 | Queue | Villager (Male) |
| 4:47 | Queue | Villager (Male) |
| 5:19 | Queue | Villager (Male) |
| 5:19 | Queue | Villager (Male) |
| 5:39 | Build | Palisade Wall |
| 6:07 | Queue | Villager (Male) |
| 6:08 | Research | Loom |
| 6:35 | Build | Barracks |
| 7:36 | Build | Mill |
| 7:56 | Research | Feudal Age |
| 8:09 | Build | House |
| 8:44 | Build | Palisade Wall |
| 8:49 | Build | Mill |
| 8:51 | Queue | Militia |
| 8:51 | Queue | Militia |
| 8:51 | Queue | Militia |
| 8:51 | Queue | Militia |
| 9:38 | Queue | Villager (Male) |
| 9:46 | Queue | Villager (Male) |
| 9:56 | Queue | Villager (Male) |
| 10:06 | Age | Feudal Age |
| 10:08 | Build | Mining Camp |
| 10:30 | Research | Double-Bit Axe |
| 10:30 | Research | Double-Bit Axe |
| 10:32 | Queue | Villager (Male) |
| 10:32 | Queue | Villager (Male) |
| 10:32 | Queue | Villager (Male) |
| 10:55 | Queue | Villager (Male) |
| 10:55 | Queue | Villager (Male) |
| 11:32 | Build | Archery Range |
| 11:34 | Queue | Villager (Male) |
| 11:34 | Queue | Villager (Male) |
| 11:56 | Queue | Villager (Male) |
| 11:57 | Queue | Villager (Male) |
| 11:59 | Build | House |
| 12:09 | Queue | Archer |
| 12:10 | Queue | Archer |
| 12:10 | Queue | Archer |
| 12:13 | Queue | Villager (Male) |
| 12:13 | Queue | Villager (Male) |
| 12:29 | Build | Watch Tower |
| 12:33 | Build | Farm |
| 12:48 | Queue | Villager (Male) |
| 12:48 | Queue | Villager (Male) |
| 12:48 | Queue | Villager (Male) |
| 13:02 | Build | Palisade Wall |
| 13:03 | Build | Palisade Wall |
| 13:04 | Build | Palisade Wall |
| 13:22 | Build | Palisade Wall |
| 13:29 | Queue | Archer |
| 13:30 | Queue | Villager (Male) |
| 13:30 | Queue | Villager (Male) |
| 13:30 | Queue | Villager (Male) |
| 13:34 | Build | Farm |
| 13:38 | Queue | Archer |
| 13:44 | Build | Palisade Wall |
| 13:48 | Queue | Villager (Male) |
| 13:49 | Queue | Villager (Male) |
| 13:55 | Build | House |
| 13:57 | Build | Palisade Wall |
| 14:02 | Research | Wheelbarrow |
| 14:16 | Build | Palisade Wall |
| 14:17 | Build | Palisade Wall |
| 14:22 | Build | Mining Camp |
| 14:23 | Queue | Villager (Male) |
| 14:29 | Queue | Archer |
| 14:33 | Queue | Villager (Male) |
| 14:45 | Build | Farm |
| 14:45 | Build | Farm |
| 14:46 | Queue | Villager (Male) |
| 14:51 | Build | Palisade Wall |
| 14:52 | Build | Palisade Wall |
| 14:52 | Queue | Villager (Male) |
| 15:04 | Queue | Villager (Male) |
| 15:12 | Build | House |
| 15:14 | Build | Palisade Wall |
| 15:59 | Queue | Archer |
| 16:00 | Queue | Villager (Male) |
| 16:01 | Queue | Spearman |
| 16:02 | Queue | Spearman |
| 16:25 | Queue | Villager (Male) |
| 16:27 | Build | Farm |
| 16:27 | Build | Farm |
| 16:27 | Build | Farm |
| 16:58 | Queue | Villager (Male) |
| 17:01 | Build | Blacksmith |
| 17:09 | Build | House |
| 17:10 | Build | House |
| 17:18 | Queue | Archer |
| 17:29 | Build | Watch Tower |
| 17:34 | Queue | Villager (Male) |
| 17:45 | Build | Palisade Wall |
| 17:50 | Build | Palisade Wall |
| 18:05 | Queue | Villager (Male) |
| 18:20 | Build | Palisade Wall |
| 18:21 | Build | Palisade Wall |
| 18:22 | Build | Palisade Wall |
| 18:26 | Queue | Villager (Male) |
| 18:43 | Build | Palisade Wall |
| 18:47 | Build | House |
| 18:49 | Research | Fletching |
| 19:05 | Build | Watch Tower |
| 19:26 | Build | Watch Tower |
| 19:30 | Build | House |
| 19:32 | Build | House |
| 19:36 | Build | Palisade Wall |
| 19:37 | Build | Palisade Wall |
| 19:38 | Queue | Villager (Male) |
| 19:38 | Queue | Villager (Male) |
| 19:39 | Build | Farm |
| 19:40 | Build | Farm |
| 19:40 | Build | Farm |
| 19:40 | Build | Farm |
| 19:40 | Build | Farm |
| 19:52 | Queue | Spearman |
| 19:55 | Build | Farm |
| 19:56 | Queue | Villager (Male) |
| 20:06 | Build | House |
| 20:10 | Build | House |
| 20:14 | Build | House |
| 20:24 | Build | House |
| 20:33 | Build | House |
| 20:50 | Build | Stone Wall |
| 21:00 | Queue | Villager (Male) |
| 21:01 | Queue | Villager (Male) |
| 21:07 | Queue | Villager (Male) |
Build order — Redwood MC9
134 actions detected in the replay
| 0:00 | Queue | Villager (Male) |
| 0:00 | Queue | Villager (Male) |
| 0:02 | Build | House |
| 0:04 | Build | House |
| 0:04 | Build | House |
| 0:11 | Queue | Villager (Male) ×2 |
| 0:12 | Queue | Villager (Male) ×2 |
| 1:26 | Queue | Villager (Male) |
| 1:55 | Queue | Villager (Male) |
| 1:56 | Queue | Villager (Male) |
| 1:59 | Build | Lumber Camp |
| 2:01 | Build | House |
| 2:19 | Queue | Villager (Male) |
| 2:20 | Queue | Villager (Male) |
| 2:53 | Queue | Villager (Male) |
| 3:15 | Queue | Villager (Male) |
| 3:30 | Build | House |
| 3:44 | Queue | Villager (Male) |
| 3:55 | Queue | Villager (Male) |
| 3:55 | Queue | Villager (Male) |
| 4:30 | Queue | Villager (Male) |
| 4:31 | Queue | Villager (Male) |
| 4:39 | Build | Mill |
| 4:59 | Queue | Villager (Male) |
| 5:00 | Queue | Villager (Male) |
| 5:22 | Queue | Villager (Male) |
| 5:46 | Queue | Villager (Male) |
| 5:47 | Queue | Villager (Male) |
| 6:13 | Queue | Villager (Male) |
| 6:13 | Queue | Villager (Male) |
| 6:44 | Queue | Villager (Male) |
| 6:44 | Queue | Villager (Male) |
| 6:57 | Research | Loom |
| 7:28 | Queue | Villager (Male) |
| 7:42 | Queue | Villager (Male) |
| 7:53 | Queue | Villager (Male) |
| 7:59 | Build | Barracks |
| 8:01 | Build | House |
| 8:04 | Build | House |
| 8:05 | Build | Palisade Wall |
| 8:08 | Build | Palisade Wall |
| 8:09 | Build | Palisade Wall |
| 8:14 | Build | Palisade Wall |
| 8:39 | Queue | Villager (Male) |
| 9:03 | Build | Palisade Wall |
| 9:04 | Build | Palisade Wall |
| 9:05 | Build | Palisade Wall |
| 9:05 | Build | Palisade Wall |
| 9:06 | Build | Palisade Wall |
| 9:12 | Build | Palisade Wall |
| 9:13 | Build | Palisade Wall |
| 9:13 | Build | Palisade Wall |
| 9:14 | Build | Palisade Wall |
| 9:14 | Build | Palisade Wall |
| 9:15 | Build | Palisade Wall |
| 9:15 | Build | Palisade Wall |
| 9:16 | Build | Palisade Wall |
| 9:17 | Build | Palisade Wall |
| 9:18 | Build | Farm |
| 9:21 | Research | Feudal Age |
| 9:23 | Build | Farm |
| 9:25 | Build | Farm |
| 9:59 | Build | Farm |
| 10:46 | Build | Palisade Wall |
| 10:59 | Build | Farm |
| 11:23 | Build | Palisade Gate |
| 11:31 | Age | Feudal Age |
| 11:33 | Build | House |
| 11:35 | Build | Palisade Wall |
| 11:38 | Queue | Villager (Male) |
| 12:07 | Build | Farm |
| 12:14 | Build | Stable |
| 12:18 | Queue | Villager (Male) |
| 12:19 | Queue | Villager (Male) |
| 13:08 | Build | Watch Tower |
| 13:13 | Build | Blacksmith |
| 13:16 | Queue | Villager (Male) |
| 13:32 | Build | Palisade Wall |
| 13:39 | Build | House |
| 13:43 | Queue | Villager (Male) |
| 14:11 | Build | Farm |
| 14:14 | Build | Farm |
| 14:20 | Build | Palisade Wall |
| 14:28 | Build | Mining Camp |
| 14:40 | Queue | Villager (Male) |
| 14:43 | Build | Farm |
| 15:18 | Build | Lumber Camp |
| 15:23 | Research | Castle Age |
| 15:23 | Research | Castle Age |
| 15:29 | Build | House |
| 15:33 | Build | House |
| 15:50 | Build | House |
| 16:09 | Build | Farm |
| 16:25 | Research | Bloodlines |
| 16:35 | Build | House |
| 16:37 | Build | Palisade Wall |
| 16:44 | Build | Farm |
| 16:49 | Build | Stable |
| 17:15 | Build | Farm |
| 17:46 | Queue | Villager (Male) |
| 18:03 | Age | Castle Age |
| 18:03 | Queue | Steppe Lancer ×3 |
| 18:15 | Build | Farm |
| 18:17 | Build | Farm |
| 18:25 | Queue | Steppe Lancer ×2 |
| 18:38 | Build | Farm |
| 19:04 | Build | Farm |
| 19:25 | Queue | Steppe Lancer ×3 |
| 19:32 | Build | Farm |
| 19:43 | Queue | Villager (Male) |
| 20:21 | Research | Forging |
| 20:23 | Build | Farm |
| 20:26 | Build | Farm |
| 21:50 | Build | Lumber Camp |
| 21:52 | Queue | Steppe Lancer ×5 |
| 21:52 | Queue | Steppe Lancer ×5 |
| 21:53 | Queue | Steppe Lancer |
| 22:03 | Research | Scale Barding Armor |
| 22:31 | Queue | Villager (Male) |
| 22:44 | Queue | Steppe Lancer |
| 22:44 | Queue | Steppe Lancer ×2 |
| 23:04 | Build | Farm |
| 23:34 | Research | Husbandry |
| 23:36 | Queue | Villager (Male) |
| 23:40 | Queue | Steppe Lancer |
| 23:40 | Queue | Steppe Lancer |
| 24:20 | Queue | Steppe Lancer |
| 24:21 | Queue | Steppe Lancer ×2 |
| 24:21 | Queue | Steppe Lancer ×2 |
| 24:51 | Build | Market |
| 24:53 | Build | Farm |
| 24:56 | Build | House |
| 24:56 | Build | House |
| 25:17 | Queue | Steppe Lancer ×3 |
Match timeline
| 5:39 | thankyou9527 · wall_segment Palisade Wall x1 |
| 6:35 | thankyou9527 · first_building Barracks |
| 7:59 | Redwood MC9 · first_building Barracks |
| 8:05 | Redwood MC9 · wall_segment Palisade Wall x5 |
| 8:08 | Redwood MC9 · wall_segment Palisade Wall x5 |
| 8:09 | Redwood MC9 · wall_segment Palisade Wall x3 |
| 8:14 | Redwood MC9 · wall_segment Palisade Wall x2 |
| 8:44 | thankyou9527 · wall_segment Palisade Wall x9 |
| 9:03 | Redwood MC9 · wall_segment Palisade Wall x1 |
| 9:04 | Redwood MC9 · wall_segment Palisade Wall x1 |
| 9:05 | Redwood MC9 · wall_segment Palisade Wall x1 |
| 9:05 | Redwood MC9 · wall_segment Palisade Wall x1 |
| 9:06 | Redwood MC9 · wall_segment Palisade Wall x1 |
| 9:12 | Redwood MC9 · wall_segment Palisade Wall x1 |
| 9:13 | Redwood MC9 · wall_segment Palisade Wall x1 |
| 9:13 | Redwood MC9 · wall_segment Palisade Wall x1 |
| 9:14 | Redwood MC9 · wall_segment Palisade Wall x1 |
| 9:14 | Redwood MC9 · wall_segment Palisade Wall x1 |
| 9:15 | Redwood MC9 · wall_segment Palisade Wall x1 |
| 9:15 | Redwood MC9 · wall_segment Palisade Wall x1 |
| 9:16 | Redwood MC9 · wall_segment Palisade Wall x1 |
| 9:17 | Redwood MC9 · wall_segment Palisade Wall x1 |
| 10:06 | thankyou9527 · age_up feudal |
| 10:46 | Redwood MC9 · wall_segment Palisade Wall x1 |
| 11:31 | Redwood MC9 · age_up feudal |
| 11:32 | thankyou9527 · first_building Archery Range |
| 11:35 | Redwood MC9 · wall_segment Palisade Wall x1 |
| 12:14 | Redwood MC9 · first_building Stable |
| 13:02 | thankyou9527 · wall_segment Palisade Wall x1 |
| 13:03 | thankyou9527 · wall_segment Palisade Wall x1 |
| 13:04 | thankyou9527 · wall_segment Palisade Wall x1 |
| 13:22 | thankyou9527 · wall_segment Palisade Wall x1 |
| 13:32 | Redwood MC9 · wall_segment Palisade Wall x7 |
| 13:44 | thankyou9527 · wall_segment Palisade Wall x1 |
| 13:57 | thankyou9527 · wall_segment Palisade Wall x8 |
| 14:16 | thankyou9527 · wall_segment Palisade Wall x1 |
| 14:17 | thankyou9527 · wall_segment Palisade Wall x1 |
| 14:20 | Redwood MC9 · wall_segment Palisade Wall x3 |
| 14:51 | thankyou9527 · wall_segment Palisade Wall x11 |
| 14:52 | thankyou9527 · wall_segment Palisade Wall x3 |
| 15:14 | thankyou9527 · wall_segment Palisade Wall x9 |
| 16:37 | Redwood MC9 · wall_segment Palisade Wall x1 |
| 17:45 | thankyou9527 · wall_segment Palisade Wall x1 |
| 17:50 | thankyou9527 · wall_segment Palisade Wall x19 |
| 18:03 | Redwood MC9 · age_up castle |
| 18:20 | thankyou9527 · wall_segment Palisade Wall x1 |
| 18:21 | thankyou9527 · wall_segment Palisade Wall x1 |
| 18:22 | thankyou9527 · wall_segment Palisade Wall x1 |
| 18:43 | thankyou9527 · wall_segment Palisade Wall x7 |
| 19:36 | thankyou9527 · wall_segment Palisade Wall x1 |
| 19:37 | thankyou9527 · wall_segment Palisade Wall x1 |
| 20:50 | thankyou9527 · wall_segment Stone Wall x1 |
| 21:19 | thankyou9527 · wall_segment Stone Wall x1 |
| 21:59 | thankyou9527 · wall_segment Stone Wall x1 |
| 22:02 | thankyou9527 · wall_segment Stone Wall x1 |
| 22:37 | thankyou9527 · wall_segment Stone Wall x1 |
| 22:48 | thankyou9527 · first_market_buy 100 food |
| 24:17 | thankyou9527 · wall_segment Stone Wall x1 |
| 24:18 | thankyou9527 · wall_segment Stone Wall x2 |
| 24:41 | thankyou9527 · wall_segment Stone Wall x1 |
| 24:41 | thankyou9527 · wall_segment Stone Wall x1 |
| 24:54 | thankyou9527 · wall_segment Stone Wall x1 |
| 24:56 | thankyou9527 · wall_segment Stone Wall x1 |
| 25:08 | thankyou9527 · wall_segment Stone Wall x2 |
| 25:31 | thankyou9527 · wall_segment Stone Wall x1 |
| 25:33 | thankyou9527 · age_up castle |
| 25:56 | thankyou9527 · wall_segment Stone Wall x1 |
| 26:05 | thankyou9527 · resign |
[ AI ANALYSIS · 1 CREDIT ]
What really happened in this match?
Wolo.gg analyzes every decision: build order, eco, micro, common mistakes by bracket. Personalized analysis on WhatsApp or Discord in 30 seconds.
Civ guide
Bulgarians
Perfil
Jugador #5757611